 Dungeon Crawl Stone Soup version 0.18.1-50-g88ac8fd (webtiles) character file.

187 Heatwave the Conjurer (level 5, -1/35 HPs)
             Began as a Human Conjurer on Oct 7, 2016.
             Slain by Grinder (3 damage)
             ... while paralysed by Grinder
             ... on level 4 of the Dungeon.
             The game lasted 00:20:12 (3840 turns).

Heatwave the Conjurer (Human Conjurer)              Turns: 3840, Time: 00:20:12

Health: -1/35      AC:  4    Str:  8    XL:     5   Next: 99%
Magic:  2/9        EV:  2    Int: 16    God:
Gold:   193        SH:  0    Dex: 14    Spells: 3 memorised, 2 levels left

rFire  . . .     SeeInvis .     e - +1 short sword (freeze)
rCold  . . .     Gourm    .     a - +1 robe
rNeg   . . .     Faith    .     (no shield)
rPois  .         Spirit   .     (no helmet)
rElec  .         Dismiss  .     (no cloak)
rCorr  .         Reflect  .     l - +0 pair of gloves
SustAt .         Harm     .     (no boots)
MR     .....                    (no amulet)
Stlth  ++........               (no ring)
                                (no ring)

@: paralysed, not resistant to hostile enchantments, unstealthy
A: no striking features
a: no special abilities


You were on level 4 of the Dungeon.
You were not hungry.

You visited 1 branch of the dungeon, and saw 4 of its levels.

You collected 193 gold pieces.

Inventory:

Hand Weapons
 e - a +1 short sword of freezing (weapon)
 h - a cursed -3 dagger
Armour
 a - a +1 robe (worn)
 l - a +0 pair of gloves (worn)
Jewellery
 n - an uncursed ring of sustain attributes {unknown}
Potions
 d - a potion of flight {unknown}
 f - 2 potions of berserk rage {unknown}
 g - a potion of might {unknown}
 m - a potion of curing {unknown}
Books
 b - a book of Conjurations

   Spells                             Type                      Level
   a - Magic Dart                     Conjuration                  1
   b - Searing Ray                    Conjuration                  2
   c - Dazzling Spray                 Conjuration/Hexes            3
   d - Fulminant Prism                Conjuration/Hexes            4
   e - Iskenderun's Mystic Blast      Conjuration                  4
   f - Iskenderun's Battlesphere      Conjuration/Charms           5
Comestibles
 c - 4 bread rations
 i - a chunk of flesh
 k - a meat ration
 o - 3 fruits


   Skills:
 + Level 1.1 Short Blades
 + Level 2.7 Dodging
 - Level 2.1 Stealth
 + Level 2.9 Spellcasting
 * Level 5.7 Conjurations


You had 2 spell levels left.
You knew the following spells:

 Your Spells              Type           Power        Failure   Level  Hunger
a - Magic Dart            Conj           ###.         1%          1    #......
b - Searing Ray           Conj           ###...       3%          2    ##.....
c - Iskenderun's Mystic   Conj           ###.....     21%         4    #####..


Dungeon Overview and Level Annotations

Branches:
Dungeon (4/15)
 Temple: D:4-7

Altars:
Pakellas
Trog
Xom

Annotations:
D:4 Grinder


Message History

The searing ray hits the hound.
The hound is almost dead.
The hound closely misses you.
The searing ray hits the hound.
You kill the hound!
Grinder gestures at you.
You suddenly lose the ability to move!
Grinder hits you.
You writhe in agony.
Grinder gestures at you. Pain shoots through your body!
* * * LOW HITPOINT WARNING * * *
Grinder gestures at you. Pain shoots through your body!
* * * LOW HITPOINT WARNING * * *
Grinder hits you.
* * * LOW HITPOINT WARNING * * *
You writhe in agony.
* * * LOW HITPOINT WARNING * * *
Grinder hits you.
You die...

#### #.. #.# #@#
#. #5# ###.. #.#
.... #.# #. #..#
#.####### #. #..#
#...S.?...##.##..#
#.#######........#
#.# #...... #)#
###....


You could see Grinder.

Vanquished Creatures
  A hound (D:4)
  4 gnolls (D:2)
  4 adders
  An adder zombie (D:3)
  3 worms
  4 giant geckos
  An orc (D:3)
  3 ball pythons
  10 bats
  A giant cockroach (D:4)
  6 hobgoblins
  8 kobolds
  A quokka (D:2)
  4 giant newts
  12 goblins
  7 rats
70 creatures vanquished.

Notes
Turn   | Place    | Note
--------------------------------------------------------------
     0 | D:1      | Heatwave the Human Conjurer began the quest for the Orb.
     0 | D:1      | Reached XP level 1. HP: 13/13 MP: 3/3
   189 | D:1      | Reached XP level 2. HP: 19/19 MP: 5/5
   468 | D:1      | Learned a level 2 spell: Searing Ray
   475 | D:1      | You fall through a shaft!
   561 | D:2      | Reached XP level 3. HP: 24/24 MP: 4/6
   574 | D:2      | Found a bloodstained altar of Trog.
  1184 | D:2      | Reached XP level 4. HP: 25/30 MP: 5/7
  1208 | D:2      | Reached skill level 5 in Conjurations
  1214 | D:2      | Reached skill level 1 in Short Blades
  1800 | D:2      | Learned a level 4 spell: Iskenderun's Mystic Blast
  1990 | D:3      | Found a faded altar to an unknown god.
  2096 | D:3      | Reached XP level 5. HP: 26/35 MP: 2/8
  2239 | D:3      | Found a shimmering altar of Xom.
  2239 | D:3      | Found a shimmering altar of Xom.
  2240 | D:3      | Found a shimmering altar of Xom.
  3465 | D:3      | Found a shimmering altar of Xom.
  3466 | D:3      | Found a shimmering altar of Xom.
  3466 | D:3      | Found a shimmering altar of Xom.
  3467 | D:3      | Found a shimmering altar of Xom.
  3468 | D:3      | Found a shimmering altar of Xom.
  3469 | D:3      | Found a shimmering altar of Xom.
  3804 | D:4      | Found an oddly glowing altar of Pakellas.
  3811 | D:4      | Noticed Grinder
  3836 | D:4      | Paralysed by Grinder for 7 turns
  3840 | D:4      | Slain by Grinder

Skill      XL: |  1  2  3  4 |
---------------+-------------+-----
Conjurations   | 5 |  5.7
Short Blades   | 1 |  1.1
Dodging        | |  2.7
Stealth        | |  2.1
Spellcasting   | |  2.9

Action                   |  1- 3 |  4- 6 || total
-------------------------+-------+-------++-------
Melee: Short sword       |    44 |     8 ||    52
 Cast: Magic Dart        |    45 |    74 ||   119
       Searing Ray       |       |     6 ||     6
       Iskenderun's Myst |       |     1 ||     1
  Use: Potion            |     1 |       ||     1
       Scroll            |       |     7 ||     7
 Stab: Sleeping          |     1 |       ||     1
  Eat: Beef jerky        |     1 |     1 ||     2
       Bread ration      |       |     1 ||     1
       Meat ration       |       |     1 ||     1
       Chunk             |       |     1 ||     1
Armor: Robe              |     7 |     6 ||    13
Dodge: Dodged            |    26 |    36 ||    62
